 Dungeon Crawl Stone Soup version 0.26-a0-665-gefeb406119 (webtiles) character file.

Game seed: 4108745491705692219

123 mandarbmax the Shooter (level 5, -2/37 HPs)
             Began as a Human Arcane Marksman on Oct 15, 2020.
             Killed by divine providence
             ... invoked by an orc priest
              (11 damage)
             ... on level 3 of the Dungeon.
             The game lasted 00:12:42 (4540 turns).

mandarbmax the Shooter (Human Arcane Marksman)      Turns: 4540, Time: 00:12:43

Health: -2/37      AC:  3    Str: 10    XL:     5   Next: 29%
Magic:  6/6        EV: 12    Int: 15    God:
Gold:   122        SH:  0    Dex: 13    Spells: 3/6 levels left

rFire    . . .     SeeInvis .   a - +0 shortbow
rCold    . . .     Faith    .   (shield currently unavailable)
rNeg     . . .     Spirit   .   e - +0 robe
rPois    +         Reflect  .   o - +0 helmet
rElec    .         Harm     .   (no cloak)
rCorr    .         Rampage  .   (no gloves)
MR       .....                  (no boots)
Stlth    +.........             (no amulet)
HPRegen  0.12/turn              f - ring of poison resistance
MPRegen  0.10/turn              (no ring)

@: hasted, very quick
A: no striking features
a: no special abilities


You were on level 3 of the Dungeon.
You visited 1 branch of the dungeon, and saw 3 of its levels.

You collected 122 gold pieces.

Inventory:

Hand Weapons
 a - a +0 shortbow (weapon)
 b - a +0 vampiric spear
 n - a +0 dagger of venom
Missiles
 d - 63 arrows (quivered)
Armour
 e - a +0 robe (worn)
 o - a +0 helmet (worn)
 r - a +0 pair of gloves
Jewellery
 f - a ring of poison resistance (left hand)
 h - an uncursed ring of resist corrosion {unknown}
Scrolls
 g - 2 scrolls of remove curse {unknown}
 j - a scroll of identify {unknown}
 l - 2 scrolls of teleportation {unknown}
 m - 2 scrolls of amnesia {unknown}
 p - 2 scrolls of immolation {unknown}
Potions
 k - a potion of berserk rage {unknown}


   Skills:
 - Level 1.0 Fighting
 + Level 4.6 Bows
 - Level 2.0 Dodging
 - Level 1.0 Spellcasting
 + Level 3.6 Hexes


You had 3 spell levels left.
You knew the following spells:

 Your Spells              Type           Power        Failure   Level
a - Corona                Hex            ##.....      5%          1
b - Slow                  Hex            ##......     9%          2

Your spell library contained the following spells:

 Spells                   Type           Power        Failure   Level
 Inner Flame              Hex/Fire       #.......     34%         3
 Portal Projectile        Hex/Tloc       #.....       34%         3
 Cause Fear               Hex            ##........   47%         4
 Leda's Liquefaction      Hex/Erth       #.........   75%         4


Dungeon Overview and Level Annotations

Branches:
Dungeon (3/15)

Altars:
Ashenzari
Hepliaklqana
Kikubaaqudgha
Nemelex Xobeh
Qazlal
Uskayaw
Yredelemnul

Annotations:
D:3 3 runed translucent doors, Cassiopeia's ghost, amateur DEWz


Message History

Aim: an orc wizard, wielding a +0 dagger, wearing a cursed +0 robe and carrying a wand of flame (18) (heavily wounded)
You shoot an arrow. Something hits you.
Unknown command.
Firing (i - inventory)
d - 65 arrows (quivered)
Press: ? - help, Shift-Dir - straight line, f/p - orc wizard
Aim: an orc wizard, wielding a +0 dagger, wearing a cursed +0 robe and carrying a wand of flame (18) (heavily wounded)
You shoot an arrow. The arrow hits the orc priest.
The orc priest is lightly wounded.
Something hits you.
* * * LOW HITPOINT WARNING * * *
Unknown command.
Firing (i - inventory)
d - 64 arrows (quivered)
Press: ? - help, Shift-Dir - straight line, f/p - orc wizard
Aim: an orc wizard, wielding a +0 dagger, wearing a cursed +0 robe and carrying a wand of flame (18) (heavily wounded)
You shoot an arrow.
The arrow hits the orc priest but does no damage.
The orc priest is lightly wounded.
The orc priest invokes the aid of Beogh against you.
Beogh smites you!
You die...

########.# #.#.........# ##...
.......#.# #†# ########....
..#.#..#.###.# ..........._
...#...+.....# ### .#########....
.$.....+..##.# #....( ##...
W!.#...+...#.# #.##(# ##..
W.#.#..#.#.#.# #.##(# ##.
.W.S...#.#.#.# #.##.# #.
########.#...# #@##.####### #.
.........##..###(#......... ##
.......###..>.##o#.......#. ##
.......# #....##o(.o....... ...
.......# #....#####........ #..
.......###....## #........ ..#.#
#####..........####........##.#.#
.####.............#........#..#.#
...............##.#........#..#.#


You could see an orc priest and an orc wizard.

Vanquished Creatures
  Robin (D:2)
  An adder (D:2)
  4 oozes
  A dart slug (D:1)
  A leopard gecko (D:1)
  7 orcs (D:3)
  2 giant cockroaches (D:1)
  10 goblins
  15 hobgoblins
  8 jackals (D:2)
  A quokka (D:2)
  3 bats
  4 frilled lizards
  7 kobolds
  6 rats
71 creatures vanquished.

Notes
Turn   | Place    | Note
-------+----------+-------------------------------------------
     0 | D:1      | mandarbmax the Human Arcane Marksman began the quest for
                  | the Orb.
     0 | D:1      | Reached XP level 1. HP: 15/15 MP: 2/2
   291 | D:1      | Reached XP level 2. HP: 21/21 MP: 1/3
   334 | D:1      | Learned a level 2 spell: Slow
   431 | D:1      | Reached skill level 3 in Bows
   985 | D:1      | Reached XP level 3. HP: 26/26 MP: 0/4
  2423 | D:2      | Reached skill level 4 in Bows
  2423 | D:2      | Reached XP level 4. HP: 3/32 MP: 0/5
  3289 | D:2      | Noticed Robin
  3296 | D:2      | Killed Robin
  3554 | D:2      | Reached XP level 5. HP: 22/37 MP: 1/6
  3778 | D:3      | Found a stormy altar of Qazlal.
  3782 | D:3      | Found an ancient bone altar of Kikubaaqudgha.
  3783 | D:3      | Found a basalt altar of Yredelemnul.
  3786 | D:3      | Found a hazy altar of Hepliaklqana.
  3787 | D:3      | Found a hide-covered altar of Uskayaw.
  3864 | D:3      | Found a sparkling altar of Nemelex Xobeh.
  4143 | D:3      | Noticed Cassiopeia's ghost (amateur DEWz)
  4146 | D:3      | Found a runed translucent gate.
  4147 | D:3      | Found a runed translucent gate.
  4151 | D:3      | Found a runed translucent gate.
  4264 | D:3      | Found a broken altar of Ashenzari.
  4540 | D:3      | Killed from afar by an orc priest

Illustrated notes

Levels and vault maps discovered:
D:1:      heliophobic_arrival_enchanted_forest, layout_loops_corners
D:2:      minmay_inner_zag, layout_basic, uniq_robin
D:3:      layout_basic, lemuel_round_altar, minitemple, gammafunk_ghost_split,
          nemelex_dance_club_becter

Skill      XL: |  1  2  3 |
---------------+----------+-----
Bows           | 3 4 |  4.6
Fighting       | |  1.0
Dodging        | |  2.0
Spellcasting   | |  1.0
Hexes          | |  3.6

Action                   |  1- 3 |  4- 6 || total
-------------------------+-------+-------++-------
Melee: Unarmed           |    10 |       ||    10
       Dagger            |   120 |    24 ||   144
       Spear             |       |    48 ||    48
 Fire: Shortbow          |    40 |    79 ||   119
 Cast: Corona            |    24 |    14 ||    38
       Slow              |     7 |    14 ||    21
  Use: Potion            |     3 |     4 ||     7
 Stab: Sleeping          |       |     1 ||     1
Armor: Robe              |    22 |    11 ||    33
Dodge: Dodged            |    90 |    43 ||   133

Table legend: (Time is in decaauts)
 A = Elapsed time spent in this place.
 B = Non-inter-level travel time spent in this place.
 C = Inter-level travel time spent in this place.
 D = Time resting spent in this place.
 E = Time spent auto-exploring this place.
 F = Levels seen in this place.
 G = Mean time per level.
                   A        B        C        D        E       F      G
               +--------+--------+--------+--------+--------+-----+--------+
         Total |   4508 |   4377 |    131 |   1339 |   2309 |   3 | 1502.7 |
       Dungeon |   4508 |   4377 |    131 |   1339 |   2309 |   3 | 1502.7 |
               +--------+--------+--------+--------+--------+-----+--------+

Top non-repeatable levels by time:
     D:1: 2308 daAuts
     D:2: 1352 daAuts
     D:3: 847 daAuts
